AoeStats
← Green Assassin

Oasis

507840914Analyzed
4v4 RM · 11d ago on Sep 19, 2026· 22m 11s· 8 players
Game mode
Random Map
Map size
Large (8 player)
Population
200
Speed
Normal
Resources
Standard
Victory
Conquest
Starting age
Dark Age
Ending age
Imperial Age
RankedLock teamsTeams togetherTeam positionsShared explorationLock speedFull tech treeHidden civsTurbo modeCheats
Victory
Defeat
🇺🇸 Romans · United States
1361
+10
🇨🇴 Persians · Colombia
1260
+14
🇦🇷 Khmer · Argentina
1208
+16
🇨🇴 Teutons · Colombia
1187
+16
🇹🇷 Bohemians · Türkiye
1267
-16
🇹🇷 Persians · Türkiye
1199
-14
🇺🇸 Ethiopians · United States
1191
-13
🇩🇪 Georgians · Germany
1191
-13
peterzjx
6:40 Loom
9:50 Feudal Age
20:18 Fletching
logibll777
4:49 Loom
11:18 Feudal Age
13:35 Wheelbarrow
17:35 Castle Age
Green Assassin
0:29 Loom
11:11 Feudal Age
16:41 Bloodlines
17:24 Scale Barding Armor
17:30 Forging
Alfred the Great
7:32 Loom
9:58 Feudal Age
10:50 Double-Bit Axe
16:41 Fletching
16:52 Padded Archer Armor
Arribia
6:38 Loom
9:17 Feudal Age
12:00 Double-Bit Axe
17:01 Fletching
17:05 Gold Mining
22:46 Castle Age
22:46 Wheelbarrow
22:19 Stone Mining
22:10 Horse Collar
christianperalta141
7:56 Loom
9:48 Feudal Age
10:36 Double-Bit Axe
10:32 Horse Collar
15:09 Wheelbarrow
15:18 Forging
16:47 Bloodlines
21:01 Castle Age
19:21 Scale Barding Armor
20:54 Gold Mining
21:43 Husbandry
22:34 Iron Casting
22:50 Heavy Plow
Caballero Cruzado
6:36 Loom
6:55 Loom
9:30 Feudal Age
7:46 Loom
10:09 Double-Bit Axe
16:50 Fletching
17:00 Padded Archer Armor
17:13 Forging
17:08 Scale Barding Armor
18:16 Bloodlines
22:58 Castle Age
22:02 Wheelbarrow
21:39 Gold Mining
22:06 Horse Collar
[BoB] Leeport
7:14 Loom
10:02 Feudal Age
10:43 Double-Bit Axe
15:57 Forging
15:40 Fletching
17:19 Padded Archer Armor
22:45 Castle Age
Connection lost

Rejoining the realm…

Still unreachable

The connection could not be restored.

Session expired

The server has moved on; the page needs a fresh start.